 Dungeon Crawl Stone Soup version 0.28.0-53-g5a82cb258f (webtiles) character file.

Game seed: 10994746138985108652

406 Kranky the Charlatan (level 6, -1/47 HPs)
             Began as a Gnoll Wanderer on June 24, 2022.
             Was an Initiate of Okawaru.
             Killed from afar by a white imp (9 damage)
             ... with a puff of frost
             ... on level 4 of the Dungeon.
             The game lasted 00:08:04 (4609 turns).

Kranky the Charlatan (Gnoll Wanderer)               Turns: 4609, Time: 00:08:04

Health: -1/47      AC:  6    Str: 11    XL:     6   Next: 87%
Magic:  9/9        EV: 11    Int: 10    God:    Okawaru [......]
Gold:   243        SH:  0    Dex: 15    Spells: 9/9 levels left

rFire   . . .      SeeInvis .   r - +1 dagger (drain)
rCold   . . .      Faith    .   (no shield)
rNeg    . . .      Spirit   .   n - +0 ring mail "Ifuys" {Will+++ Regen+ Slay-6 Stlth-}
rPois   .          Reflect  .   (no helmet)
rElec   .          Harm     .   (no cloak)
rCorr   .          Rampage  .   (no gloves)
Will    +++..                   s - +0 pair of boots
Stlth   ..........              j - amulet of magic regeneration
HPRegen 0.95/turn               (no ring)
MPRegen 0.51/turn               (no ring)

@: no status effects
A: fangs 1, strong nose, distributed training
a: Renounce Religion


You were on level 4 of the Dungeon.
You worshipped Okawaru.
Okawaru was noncommittal.
You visited 2 branches of the dungeon, and saw 6 of its levels.

You collected 243 gold pieces.

Inventory:

Hand Weapons
 a - a +2 hunting sling
 c - a +0 spear
 r - a +1 dagger of draining (weapon)
Missiles
 b - 54 sling bullets
 i - 115 stones (quivered)
 w - 3 poisoned darts
Armour
 e - a +0 robe
 n - the +0 ring mail "Ifuys" (worn) {Will+++ Regen+ Slay-6 Stlth-}
   (You found it on level 2 of the Dungeon)

   Slay:      It affects your accuracy & damage with ranged weapons and melee
   (-6).
   Regen:     It increases your rate of health regeneration.
   Will:      It greatly increases your willpower.
   Stlth:     It makes you less stealthy.
 s - a +0 pair of boots (worn)
Jewellery
 j - an amulet of magic regeneration (around neck)
 x - a ring of positive energy
Wands
 d - a wand of polymorph (3)
 t - a wand of digging (4)
Scrolls
 f - a scroll of noise {unknown}
 g - 3 scrolls of identify {unknown}
 h - a scroll of amnesia {unknown}
 k - 2 scrolls of blinking {unknown}
 p - a scroll of vulnerability {unknown}
 q - a scroll of magic mapping {unknown}
 y - a scroll of fear {unknown}
Potions
 l - 2 potions of degeneration {unknown}
 m - 4 potions of flight {unknown}
 o - 2 potions of attraction {unknown}
 u - a potion of haste {unknown}
 v - a potion of heal wounds {unknown}
 z - a potion of mutation {unknown}


   Skills:
 + Level 3.3 Fighting
 + Level 2.1 Short Blades
 + Level 2.1 Long Blades
 + Level 2.1 Axes
 + Level 2.1 Maces & Flails
 + Level 6.9 Polearms
 + Level 2.1 Staves
 + Level 6.9 Slings
 + Level 2.1 Bows
 + Level 2.1 Crossbows
 + Level 2.1 Throwing
 + Level 2.1 Armour
 + Level 2.1 Dodging
 + Level 2.1 Stealth
 + Level 2.1 Shields
 + Level 2.1 Unarmed Combat
 + Level 2.1 Spellcasting
 + Level 1.7 Conjurations
 + Level 1.7 Hexes
 + Level 1.7 Summonings
 + Level 1.7 Necromancy
 + Level 1.7 Translocations
 + Level 1.7 Transmutations
 + Level 1.7 Fire Magic
 + Level 1.7 Ice Magic
 + Level 1.7 Air Magic
 + Level 1.7 Earth Magic
 + Level 1.7 Poison Magic
 + Level 2.3 Invocations
 + Level 6.9 Evocations


You had 9 spell levels left.
You didn't know any spells.
Your spell library contained the following spells:

 Spells                   Type           Power      Damage    Failure   Level
 Apportation              Tloc           8%         N/A       34%         1
 Statue Form              Tmut/Erth      2%         N/A       100%        6
 Summon Forest            Summ/Tloc      Unusable   N/A       N/A         5

Dungeon Overview and Level Annotations

Branches:
Dungeon (5/15)             Temple (1/1) D:4

Altars:
Ashenzari
Cheibriados
Dithmenos
Elyvilon
Gozag
Hepliaklqana
Nemelex Xobeh
Okawaru
Qazlal
Ru
Sif Muna
Trog
Vehumet
Wu Jian
Xom
Yredelemnul
Zin
The Shining One


Innate Abilities, Weirdness & Mutations

You have very sharp teeth.
Your uncanny sense of smell can sniff out nearby items.
Your experience applies equally to all skills.


Message History

You are too injured to fight recklessly!
You are too injured to fight recklessly!
You are too injured to fight recklessly!
You are too injured to fight recklessly!
You are too injured to fight recklessly!
You are too injured to fight recklessly!
You are too injured to fight recklessly!
You are too injured to fight recklessly!
You are too injured to fight recklessly!
You are too injured to fight recklessly!
You are too injured to fight recklessly!
You are too injured to fight recklessly!
You are too injured to fight recklessly!
You hit the white imp but do no damage.
The white imp is heavily wounded.
The white imp gestures at you. The puff of frost hits you.
* * * LOW HITPOINT WARNING * * *
You hit the white imp but do no damage. Your bite misses the white imp.
The white imp is heavily wounded.
The white imp gestures at you. The puff of frost hits you.
* * * LOW HITPOINT WARNING * * *
You barely miss the white imp.
The white imp is heavily wounded.
The white imp hits you but does no damage.
You barely miss the white imp.
The white imp is heavily wounded.
You barely miss the white imp. Your punch misses the white imp.
You bite the white imp, but do no damage.
The white imp is heavily wounded.
The white imp hits you.
* * * LOW HITPOINT WARNING * * *
The white imp freezes you.
* * * LOW HITPOINT WARNING * * *
You hit the white imp but do no damage.
The white imp is heavily wounded.
The white imp gestures at you. The puff of frost hits you!
You die...

####
#.#.#.#.........##......
...#####
#.##.......>............
..))..[#
#.###.#.........#.......
..#<##.# #.#
#.#..⌠...⌠..#.##...#
#.#.##.# #.#
#.............##...#
...###.# #.#
###.........#####...
#.## #.# #.#
##.##.##.##....... #.##
#.# #.#
#..##.##....###### #..#
#.# #.#####@#...#######
# ##.# #.# #......5....#
# #.# #.# #######.#...#
# ##.###.# #.##.## #
.......# #>##.# #
##.##### #######.##.## #
#.# ##...........# # #.#
#..#########.###### #
##.# #.###.........(...#
#


You could see a white imp.

Vanquished Creatures
  A centaur (D:4)
  A hound (D:4)
  An orc priest (D:4)
  An iguana (D:4)
  4 orc wizards
  3 adders
  An adder skeleton (D:4)
  A worm (D:3)
  2 dart slugs
  12 orcs
  6 bats
  3 endoplasms
  2 giant cockroaches (D:4)
  9 goblins
  7 hobgoblins
  9 jackals
  10 kobolds
  4 quokkas
  9 ball pythons
  3 frilled lizards
  5 rats
94 creatures vanquished.

Notes
Turn   | Place    | Note
-------+----------+-------------------------------------------
     0 | D:1      | Kranky the Gnoll Wanderer began the quest for the Orb.
     0 | D:1      | Kranky set off with the following items: a +2 hunting
                  | sling, 18 sling bullets, a +0 spear, a wand of polymorph
                  | (3), a +0 robe
     0 | D:1      | Reached XP level 1. HP: 17/17 MP: 1/1
    79 | D:1      | Reached XP level 2. HP: 23/23 MP: 2/2
   264 | D:1      | Found a faded altar of an unknown god.
   750 | D:1      | Reached XP level 3. HP: 23/28 MP: 3/3
  1082 | D:2      | Reached skill level 1 in Invocations
  1122 | D:2      | Identified the +0 ring mail "Ifuys" {Will+++ Regen+ Slay-6
                  | Stlth-}
  1476 | D:2      | Reached skill level 1 in Short Blades
  1476 | D:2      | Reached skill level 1 in Long Blades
  1476 | D:2      | Reached skill level 1 in Axes
  1476 | D:2      | Reached skill level 1 in Maces & Flails
  1476 | D:2      | Reached skill level 1 in Staves
  1476 | D:2      | Reached skill level 1 in Bows
  1476 | D:2      | Reached skill level 1 in Crossbows
  1476 | D:2      | Reached skill level 1 in Throwing
  1476 | D:2      | Reached skill level 1 in Armour
  1476 | D:2      | Reached skill level 1 in Dodging
  1476 | D:2      | Reached skill level 1 in Stealth
  1476 | D:2      | Reached skill level 1 in Shields
  1476 | D:2      | Reached skill level 1 in Unarmed Combat
  1476 | D:2      | Reached skill level 1 in Spellcasting
  1829 | D:3      | Reached XP level 4. HP: 33/34 MP: 5/5
  2252 | D:3      | Got the Volume of Earth and the Compass
  2321 | D:3      | Reached skill level 1 in Conjurations
  2321 | D:3      | Reached skill level 1 in Hexes
  2321 | D:3      | Reached skill level 1 in Summonings
  2321 | D:3      | Reached skill level 1 in Necromancy
  2321 | D:3      | Reached skill level 1 in Translocations
  2321 | D:3      | Reached skill level 1 in Transmutations
  2321 | D:3      | Reached skill level 1 in Fire Magic
  2321 | D:3      | Reached skill level 1 in Ice Magic
  2321 | D:3      | Reached skill level 1 in Air Magic
  2321 | D:3      | Reached skill level 1 in Earth Magic
  2321 | D:3      | Reached skill level 1 in Poison Magic
  3312 | D:4      | Reached XP level 5. HP: 35/40 MP: 5/7
  3552 | D:4      | Reached XP level 6. HP: 39/47 MP: 8/8
  3992 | D:4      | Found a staircase to the Ecumenical Temple.
  4288 | Temple   | Entered the Ecumenical Temple
  4481 | Temple   | Became a worshipper of Warmaster Okawaru
  4516 | D:5      | Entered Level 5 of the Dungeon
  4609 | D:4      | Killed from afar by a white imp

Illustrated notes

Levels and vault maps discovered:
D:1:      nzn_arrival_depleted_hourglass, layout_basic,
          hellmonk_ecumenical_altar_heavens_door
D:2:      layout_basic, hangedman_decor_lopped
D:3:      layout_loops_corners
D:4:      cheibrodos_pilgrimage, layout_loops_ring,
          minmay_temple_entry_large_hall
D:5:      layout_layer_cave, mainiacjoe_overflow_boulevard, uniq_pikel,
          uniq_menkaure
Temple:   regret_index_temple_mists

Skill      XL: |  1  2  3  4  5  6 |
---------------+-------------------+-----
Invocations    | 1 2 |  2.3
Short Blades   | 1 2 |  2.1
Long Blades    | 1 2 |  2.1
Axes           | 1 2 |  2.1
Maces & Flails | 1 2 |  2.1
Staves         | 1 2 |  2.1
Bows           | 1 2 |  2.1
Crossbows      | 1 2 |  2.1
Throwing       | 1 2 |  2.1
Armour         | 1 2 |  2.1
Dodging        | 1 2 |  2.1
Stealth        | 1 2 |  2.1
Shields        | 1 2 |  2.1
Unarmed Combat | 1 2 |  2.1
Spellcasting   | 1 2 |  2.1
Conjurations   | 1 |  1.7
Hexes          | 1 |  1.7
Summonings     | 1 |  1.7
Necromancy     | 1 |  1.7
Translocations | 1 |  1.7
Transmutations | 1 |  1.7
Fire Magic     | 1 |  1.7
Ice Magic      | 1 |  1.7
Air Magic      | 1 |  1.7
Earth Magic    | 1 |  1.7
Poison Magic   | 1 |  1.7
Fighting       | 3 |  3.3
Polearms       | |  6.9
Slings         | |  6.9
Evocations     | |  6.9

Action                   |  1- 3 |  4- 6 || total
-------------------------+-------+-------++-------
Melee: Spear             |   108 |     6 ||   114
       Bite              |    10 |    47 ||    57
       Dagger            |       |   431 ||   431
       Punch             |       |    11 ||    11
 Fire: Hunting sling     |    12 |       ||    12
 Stab: Sleeping          |     4 |     1 ||     5
Armor: Robe              |    15 |    12 ||    27
       Ring mail         |       |   215 ||   215
Dodge: Dodged            |    40 |   293 ||   333
